Map: Croisement de Kairos EC

Players

Sorandom

  • Race: Zerg Zerg
  • League: Diamond
  • Spawn Location: 11:00

IIIIIIIIIIII - Winner!

  • Race: Terran Terran
  • League: Diamond
  • Spawn Location: 5:00

VOD

Have the link to the VOD?

Description

Time

  • Played on: April 12, 2019, 11:58 a.m.
  • Length: 22:05
Show
View Real Time Build Order
Export as new Build Order

Sorandom Zerg 

Build Orders: Pool First, Muta Ling Bane 

Get SALT Encoding   

  12  0:01  Drone  
  13  0:14  Overlord  
  13  0:18  Drone  
  14  0:33  Drone x2  
  16  0:36  Drone  
  17  0:51  Spawning Pool  
  17  0:52  Extractor, Drone  
  16  1:01  Drone  
  17  1:12  Overlord  
  17  1:21  Drone  
  18  1:40  Drone  
  18  1:45  Drone  
  20  1:49  Hatchery  
  20  1:53  Zergling x2  
  20  1:56  Queen  
  22  2:04  Zergling x2  
  23  2:11  Metabolic Boost  
  23  2:16  Zergling x2  
  24  2:28  Zergling x2  
  25  2:32  Queen  
  25  2:35  Zergling x2  
  28  2:47  Zergling x2  
  29  2:57  Zergling x2  
  30  3:03  Zergling x2  
  30  3:05  Zergling x6  
  33  3:11  Queen  
  36  3:21  Zergling x2  
  36  3:23  Baneling Nest  
  36  3:26  Drone x3  
  36  3:37  Overlord  
  36  3:55  Queen  
  36  4:00  Drone x3  
  36  4:02  Drone  
  42  4:03  Hatchery  
  42  4:05  Drone  
  42  4:10  Spore Crawler  
  42  4:17  Spore Crawler  
  40  4:24  Drone x2  
  40  4:29  Drone x2  
  44  4:35  Overlord  
  44  4:47  Overlord  
  44  4:53  Drone  
  44  4:54  Drone x5  
  50  5:00  Extractor  
  50  5:02  Lair  
  50  5:05  Zergling x2  
  51  5:07  Drone  
  51  5:24  Evolution Chamber  
  51  5:27  Evolution Chamber  
  51  5:28  Drone x7  
  56  5:37  Drone x5  
  56  5:39  Extractor  
  59  5:44  Drone x3  
  62  5:54  Spore Crawler  
  62  5:55  Drone x3  
  62  5:56  Drone  
  65  5:57  Overlord  
  65  6:08  Overlord  
  65  6:09  Overlord x3  
  65  6:13  Zerg Ground Armor Level 1  
  65  6:18  Drone x3  
  67  6:20  Drone  
  67  6:21  Drone x2  
  67  6:22  Extractor  
  67  6:23  Drone  
  71  6:36  Spire  
  71  6:37  Zergling x2, Infestation Pit  
  71  6:38  Zergling x10  
  75  6:42  Drone x3  
  75  6:44  Drone  
  79  7:06  Zergling x24  
  91  7:23  Zergling x2  
  91  7:24  Zergling x4  
  91  7:29  Hive  
  93  7:31  Zergling x16  
  93  7:32  Overlord  
  93  7:36  Zerg Melee Weapons Level 1  
  101  7:38  Baneling  
  101  7:39  Baneling x2  
  101  7:40  Overlord  
  101  7:43  Extractor  
  100  7:45  Extractor, Drone x2  
  100  7:50  Overlord  
  101  8:03  Baneling x6  
  101  8:05  Drone x3  
  103  8:07  Drone x3  
  107  8:13  Zergling x2  
  107  8:14  Zergling x12  
  107  8:19  Zergling x2  
  115  8:21  Hatchery  
  115  8:22  Overlord  
  114  8:27  Overlord x2  
  114  8:28  Overlord x2  
  114  8:45  Mutalisk x4  
  114  8:47  Baneling x2  
  122  8:48  Zergling x2  
  122  8:49  Zergling x12  
  129  9:00  Queen  
  129  9:01  Mutalisk, Queen  
  135  9:03  Overlord x6  
  131  9:20  Overseer  
  131  9:23  Zerg Ground Armor Level 2  
  130  9:26  Centrifical Hooks  
  130  9:31  Drone x8  
  138  9:43  Mutalisk x2  
  142  9:50  Spore Crawler  
  141  9:55  Drone x9  
  150  10:04  Zerg Melee Weapons Level 2  
  150  10:13  Ultralisk Cavern  
  149  10:14  Zergling x2, Extractor  
  149  10:15  Corruptor  
  149  10:16  Extractor  
  150  10:22  Zergling x14  
  150  10:23  Baneling  
  150  10:24  Baneling x4  
  157  10:41  Hatchery  
  156  10:54  Baneling x12  
  156  10:55  Baneling x3, Corruptor  
  158  10:59  Zerg Flyer Weapons Level 1  
  158  11:03  Hatchery  
  151  11:14  Burrow  
  151  11:15  Zergling x38  
  151  11:22  Mutalisk  
  136  11:26  Drone x3  
  132  11:35  Corruptor  
  132  11:36  Corruptor x4  
  140  11:47  Drone  
  140  11:48  Drone x4  
  140  11:52  Chitinous Plating  
  139  11:54  Hatchery  
  139  11:55  Overseer  
  139  11:56  Overseer  
  138  12:05  Drone x5  
  138  12:07  Spire  
  142  12:10  Drone x2  
  144  12:22  Spine Crawler, Drone  
  144  12:23  Spine Crawler, Spore Crawler, Drone x6  
  144  12:24  Spine Crawler  
  144  12:25  Spore Crawler  
  144  12:26  Queen x5  
  144  12:28  Spore Crawler  
  155  12:31  Spine Crawler  
  155  12:35  Infestor  
  155  12:36  Infestor x2  
  160  12:39  Overlord  
  160  12:40  Drone x6  
  160  12:41  Drone  
  145  13:12  Zergling x16  
  127  13:14  Zergling x2, Corruptor x6  
  127  13:25  Zerg Flyer Weapons Level 2  
  127  13:31  Greater Spire  
  127  13:33  Extractor  
  126  13:36  Extractor  
  125  13:48  Corruptor  
  125  13:49  Corruptor x3  
  125  13:51  Hatchery  
  132  14:03  Overlord x4  
  132  14:09  Zerg Missile Weapons Level 1, Queen x3  
  138  14:17  Corruptor  
  138  14:18  Corruptor x4  
  136  14:39  Zergling x8  
  136  14:40  Zergling x26  
  136  14:41  Ultralisk x2  
  165  14:48  Overlord  
  165  14:49  Overlord  
  165  14:56  Brood Lord x2  
  167  15:05  Drone x2  
  167  15:06  Drone x11  
  177  15:16  Zergling x4  
  148  15:38  Corruptor  
  144  15:43  Zergling x20  
  144  15:47  Mutalisk  
  154  15:50  Zerg Flyer Weapons Level 3  
  154  15:51  Mutalisk, Zerg Flyer Armor Level 1  
  154  15:54  Overseer  
  154  15:55  Drone  
  154  15:56  Drone x2  
  151  16:03  Spine Crawler  
  146  16:12  Brood Lord  
  146  16:13  Brood Lord x4  
  155  16:19  Hatchery  
  154  16:33  Spine Crawler, Hatchery  
  154  16:36  Spine Crawler  
  149  16:47  Spine Crawler  
  149  16:48  Brood Lord x4  
  156  17:05  Corruptor x2  
  145  17:24  Corruptor x4  
  153  17:33  Extractor  
  153  17:34  Zergling x18, Extractor  
  151  17:37  Adrenal Glands  
  151  17:38  Zergling x2  
  151  17:39  Zergling x2  
  144  17:52  Spine Crawler, Brood Lord  
  144  17:53  Zergling x10  
  148  18:10  Zergling x14  
  135  18:13  Brood Lord x2  
  135  18:14  Brood Lord  
  135  18:15  Drone x3  
  135  18:19  Drone  
  121  18:20  Drone x4  
  114  18:28  Zergling x6  
  114  18:34  Zergling x4  
  115  18:39  Zergling x2  
  115  18:40  Zergling x4  
  117  18:41  Drone x2  
  117  18:44  Spine Crawler  
  117  18:46  Spine Crawler  
  117  18:49  Queen x2  
  117  18:52  Zerg Flyer Armor Level 2  
  117  18:55  Drone x5  
  126  19:06  Corruptor x3  
  126  19:07  Corruptor x2  
  131  19:18  Brood Lord x2  
  130  19:28  Overseer x2  
  130  19:36  Mutalisk  
  130  19:37  Mutalisk x3  
  138  19:46  Corruptor x2  
  138  19:48  Zergling x24  
  150  20:03  Mutalisk x3  
  130  20:17  Corruptor x3  
  115  20:33  Mutalisk x3  
  119  20:52  Hatchery  
  119  20:55  Spore Crawler  
  117  20:59  Hatchery  
  116  21:15  Brood Lord x3  
  115  21:39  Drone x7  
Show
View Real Time Build Order
Export as new Build Order

IIIIIIIIIIII Terran - Winner!

Build Orders: Command Center First (CC) 

Get SALT Encoding   

  12  0:01  SCV  
  13  0:13  SCV  
  14  0:18  Supply Depot  
  14  0:25  SCV  
  15  0:31  Refinery  
  15  0:41  Engineering Bay  
  15  0:45  SCV  
  16  0:57  SCV  
  17  1:25  Command Center  
  17  1:29  SCV  
  18  1:45  Barracks  
  18  1:51  SCV  
  19  1:59  Engineering Bay  
  19  2:03  SCV  
  20  2:15  SCV  
  21  2:32  Orbital Command  
  21  2:33  Marine  
  22  2:39  Factory  
  22  2:44  Planetary Fortress  
  22  2:51  Marine  
  22  2:55  Factory  
  24  2:58  SCV  
  24  3:04  Refinery  
  24  3:09  Marine  
  24  3:12  SCV  
  26  3:33  SCV x2  
  28  3:36  Supply Depot  
  28  3:45  SCV x2  
  30  3:48  Armory  
  30  3:49  Factory Tech Lab  
  29  3:56  Starport  
  29  3:57  SCV x2  
  31  4:04  Supply Depot  
  31  4:09  SCV  
  32  4:13  SCV  
  33  4:21  SCV  
  34  4:26  Command Center  
  34  4:28  SCV  
  35  4:35  SCV  
  36  4:38  Banshee  
  36  4:40  SCV  
  36  4:43  Terran Vehicle And Ship Armor Level 1  
  40  4:47  SCV  
  40  4:52  SCV  
  42  4:57  Corvid Reactor  
  42  4:59  SCV  
  43  5:00  Supply Depot  
  43  5:04  SCV  
  44  5:11  SCV  
  45  5:16  SCV, Command Center  
  46  5:23  SCV, Neosteel Armor  
  47  5:28  SCV  
  47  5:32  Refinery  
  47  5:33  Refinery  
  48  5:44  SCV x2  
  50  5:52  Starport  
  50  5:56  SCV x2  
  52  6:02  Supply Depot  
  52  6:06  Missile Turret, Refinery  
  52  6:07  Refinery  
  52  6:08  SCV, Factory Tech Lab, Planetary Fortress  
  53  6:12  SCV  
  54  6:21  SCV  
  54  6:24  SCV  
  57  6:33  SCV  
  57  6:36  SCV  
  57  6:37  Raven  
  60  6:42  Starport  
  60  6:44  SCV  
  60  6:45  SCV  
  62  6:48  SCV  
  63  6:57  SCV x2, Raven  
  63  6:58  Factory Tech Lab  
  67  7:02  SCV  
  67  7:04  Hi-Sec Auto Tracking  
  68  7:09  SCV  
  69  7:18  Siege Tank  
  69  7:21  Planetary Fortress  
  72  7:26  Command Center  
  72  7:27  Viking, Command Center  
  74  7:30  SCV x3  
  77  7:37  Supply Depot  
  77  7:38  Supply Depot  
  77  7:40  Raven  
  77  7:42  SCV x3  
  82  7:49  Terran Vehicle And Ship Armor Level 2  
  82  7:54  SCV  
  83  8:05  Refinery  
  83  8:08  Refinery  
  83  8:09  SCV x3  
  83  8:10  Missile Turret  
  83  8:11  SCV  
  87  8:21  SCV x3  
  87  8:22  Raven  
  87  8:23  Raven  
  94  8:38  SCV  
  94  8:39  SCV x2  
  94  8:45  Hellion  
  96  8:50  Factory  
  96  8:51  Factory  
  96  8:55  SCV x4  
  100  9:02  Starport  
  100  9:05  Raven  
  100  9:06  Starport Tech Lab  
  100  9:07  SCV  
  100  9:08  Hellion  
  105  9:14  Banshee  
  108  9:21  SCV  
  109  9:27  SCV x3  
  109  9:30  Hellion  
  114  9:33  Planetary Fortress  
  114  9:34  Planetary Fortress  
  114  9:36  SCV  
  115  9:39  SCV x2  
  115  9:45  Supply Depot  
  117  9:46  Supply Depot, Starport Tech Lab, Factory Reactor  
  117  9:48  Raven  
  117  9:49  Factory Reactor  
  117  9:50  Infernal Pre-Igniter  
  117  9:51  Hellion  
  120  9:52  SCV  
  120  9:53  SCV x2  
  122  10:00  Refinery  
  122  10:01  Command Center  
  122  10:02  Command Center, Refinery  
  122  10:03  Missile Turret  
  122  10:04  Missile Turret  
  122  10:06  Missile Turret  
  122  10:07  Missile Turret  
  122  10:12  Hellion  
  124  10:18  Missile Turret  
  124  10:20  Raven x2  
  128  10:21  Terran Vehicle And Ship Armor Level 3  
  128  10:28  Hellion x4  
  136  10:34  Hellion  
  138  10:45  SCV x5  
  138  10:46  SCV  
  138  10:49  Hellion x2  
  148  10:55  Hellion, Command Center  
  148  10:57  SCV x2  
  148  11:01  Refinery  
  150  11:16  Hellion  
  152  11:21  Hellion x4  
  158  11:36  Raven x3  
  158  11:38  Hellion  
  160  11:47  SCV x3  
  157  11:56  Starport  
  157  12:04  Starport  
  157  12:05  Missile Turret, Starport x3  
  157  12:06  Refinery  
  157  12:09  Missile Turret  
  157  12:12  Sensor Tower  
  157  12:13  Command Center  
  157  12:15  Planetary Fortress  
  157  12:21  Hellion x3, Thor  
  171  12:23  Raven x2  
  171  12:25  Missile Turret  
  171  12:27  SCV x4  
  171  12:28  Sensor Tower  
  176  12:47  Planetary Fortress x2  
  176  12:52  Missile Turret  
  176  12:55  Missile Turret  
  176  12:56  Missile Turret  
  174  13:11  Raven x4  
  174  13:12  Starport Tech Lab x3  
  172  13:13  Starport Tech Lab  
  172  13:17  Hellion x3, Thor  
  164  13:24  Starport Tech Lab  
  164  13:28  Planetary Fortress  
  164  13:40  Refinery  
  164  13:41  Refinery  
  164  13:43  Hellion  
  164  13:44  Hellion  
  168  13:50  Terran Vehicle Weapons Level 1  
  168  14:06  SCV x3  
  168  14:07  SCV x3  
  168  14:08  Sensor Tower  
  168  14:09  SCV  
  175  14:15  Command Center  
  168  14:42  Thor  
  168  14:43  Hellion x2  
  178  14:56  Missile Turret  
  178  14:57  Raven x6  
  178  14:58  Raven x2  
  194  15:00  Hellion x2  
  194  15:04  Hellion  
  196  15:32  Hellion x2  
  200  15:41  Banshee  
  199  15:53  Command Center  
  185  16:06  Engineering Bay  
  173  16:41  Terran Vehicle Weapons Level 2  
  173  16:42  Hellion x2, Thor  
  181  16:57  Hellion x2  
  185  17:04  Hellion  
  185  17:05  Factory  
  185  17:07  Factory x2  
  187  17:09  Factory  
  181  17:31  Missile Turret  
  181  17:32  Missile Turret  
  181  17:34  Missile Turret  
  181  17:35  Hellion x3  
  181  17:36  Hellion  
  181  17:45  SCV x2  
  181  17:46  SCV x2, Raven  
  181  17:47  Raven x4  
  195  17:54  Command Center  
  195  17:55  Raven x2  
  186  18:18  Hellion x4  
  183  18:23  Hellion x3  
  183  18:24  Hellion  
  191  18:33  Missile Turret x2  
  183  18:34  Missile Turret, Command Center  
  183  18:35  Raven x6  
  183  18:36  Missile Turret, Raven  
  183  18:38  Raven  
  183  18:39  SCV  
  200  18:45  Hellion x4  
  196  18:51  Planetary Fortress  
  194  18:56  Missile Turret  
  188  19:09  Refinery, Planetary Fortress  
  188  19:15  Factory Tech Lab x2  
  188  19:16  Factory Tech Lab  
  184  19:18  Raven  
  184  19:20  Thor  
  184  19:21  Hellion x3  
  184  19:22  Raven x2  
  184  19:23  Raven  
  182  20:17  Hellion x2  
  182  20:18  Hellion x3, Thor  
  194  20:34  Planetary Fortress  
  194  20:44  Command Center x2  
  194  20:48  Refinery  
  194  20:49  Command Center  
  194  20:50  Command Center  
  194  20:54  Command Center  
  194  21:03  Command Center  
  192  21:38  Missile Turret  
  192  21:39  Missile Turret  
  180  21:42  Missile Turret x3  
  180  21:44  Missile Turret  
  180  21:45  Sensor Tower  
Tags
 
Add a new tag
Caveats
  • Supply blocks, unpowered buildings, or Contaminate may cause inaccurate times.
  • Supply counts are checked every 10 seconds.